 Dungeon Crawl Stone Soup version 0.29.0-11-gd7f09526c8 (webtiles) character file.

Game seed: 8603106365999347418

151 SensoryNuts the Covered (level 5, 0/33 HPs)
             Began as a Gargoyle Fighter on Sept 4, 2022.
             Slain by an orc wizard
             ... wielding a +0 dagger
              (2 damage)
             ... on level 4 of the Dungeon.
             The game lasted 00:02:44 (2686 turns).

SensoryNuts the Covered (Gargoyle Fighter)          Turns: 2686, Time: 00:02:44

Health: 0/33       AC: 16    Str: 22    XL:     5   Next: 33%
Magic:  5/5        EV:  6    Int:  8    God:
Gold:   172        SH:  9    Dex:  9    Spells: 4/4 levels left

rFire   . . .      SeeInvis .   a - +1 war axe
rCold   . . .      Faith    .   c - +0 buckler
rNeg    + . .      Spirit   .   s - +0 plate armour
rPois   ∞          Reflect  +   (no helmet)
rElec   +          Harm     .   k - +0 cloak
rCorr   .          Rampage  .   (no gloves)
Will    .....                   (no boots)
Stlth   ..........              h - amulet of reflection
HPRegen 0.11/turn               (no ring)
MPRegen 0.09/turn               (no ring)

@: no status effects
A: sickness immunity, AC +4, negative energy resistance 1, electricity
resistance, torment resistance 1, petrification resistance
a: no special abilities


You were on level 4 of the Dungeon.
You visited 1 branch of the dungeon, and saw 4 of its levels.

You collected 172 gold pieces.

Inventory:

Hand Weapons
 a - a +1 war axe (weapon)
Armour
 c - a +0 buckler (worn)
 k - a +0 cloak (worn)
 s - a +0 plate armour (worn)
Jewellery
 e - a +4 ring of evasion
 h - an amulet of reflection (around neck)
 j - a ring of protection from cold
Wands
 b - a wand of paralysis (8)
 d - a wand of light (9)
Scrolls
 g - 4 scrolls of teleportation
 l - a scroll of blinking
 m - a scroll of brand weapon {unknown}
 o - 2 scrolls of noise
Potions
 f - 6 potions of curing
 i - a potion of haste
 n - 3 potions of heal wounds
 q - a potion of resistance {unknown}
 r - a potion of magic {unknown}
 t - a potion of invisibility {unknown}
 u - a potion of degeneration {unknown}
 w - a potion of berserk rage {unknown}


   Skills:
 + Level 3.9 Fighting
 * Level 3.8 Axes
 + Level 4.0 Armour
 + Level 0.1 Dodging
 + Level 3.8 Shields


You had 4 spell levels left.
You didn't know any spells.
Your spell library was empty.

Dungeon Overview and Level Annotations

Branches:
Dungeon (4/15)
 Temple: D:4-7

Altars:


Innate Abilities, Weirdness & Mutations

You are immune to sickness and miasma.
Your stone body is resilient. (AC +4)
You are immune to poison.
You resist negative energy. (rN+)
You are resistant to electric shocks. (rElec)
You are resistant to unholy torment.
You are immune to petrification.


Message History

You completely miss something. Something hits you.
You hear some strange, mumbled words.
A magic dart appears from out of thin air!
The magic dart hits you.
You bump into the rock wall.
Something hits you but does no damage.
You closely miss something.
You feel less confused. Something hits you but does no damage.
You hit something. Something hits you but does no damage.
You hit something but do no damage.
You hear some strange, mumbled words.
A magic dart appears from out of thin air!
The magic dart hits you! Something hits you but does no damage.
You barely miss something. You block something's attack.
You barely miss something. You block something's attack.
You barely miss something. Something hits you.
* * * LOW HITPOINT WARNING * * *
Something hits you but does no damage.
You barely miss something. You block something's attack.
You miss something. Something hits you but does no damage.
You completely miss something.
You hear some strange, mumbled words.
You are confused.
Something hits you but does no damage.
You miss something. Something completely misses you.
You barely miss something. Something hits you.
* * * LOW HITPOINT WARNING * * *
You barely miss something. Something hits you.
* * * LOW HITPOINT WARNING * * *
Something hits you but does no damage.
You're too confused to move!
Something hits you but does no damage.
You barely miss something.
You feel less confused. Something hits you but does no damage.
You barely miss something. Something hits you.
* * * LOW HITPOINT WARNING * * *
Something hits you but does no damage.
You miss something. Something hits you but does no damage.
You closely miss something. Something hits you.
You die...

###.#####.......#.
#......>#####.###.
#.#.###...........
#.#.# #..####.###.
#.#.# ........
#.#.# #######.
#.#.# #. #.#.# #.
#@#.. #. #{# #.
#.# #. #.# #.# #.#
#.# #.#


There were no monsters in sight!

Vanquished Creatures
  An orc priest (D:4)
  Robin (D:2)
  4 adders
  An ufetubus (D:4)
  2 dart slugs (D:1)
  An orc (D:4)
  5 endoplasms
  3 giant cockroaches
  17 goblins
  5 hobgoblins
  3 quokkas
  3 ball pythons
  4 bats
  4 frilled lizards
  5 kobolds
  3 rats
62 creatures vanquished.

Notes
Turn   | Place    | Note
-------+----------+-------------------------------------------
     0 | D:1      | SensoryNuts the Gargoyle Fighter began the quest for the
                  | Orb.
     0 | D:1      | Reached XP level 1. HP: 14/14 MP: 1/1
   154 | D:1      | Reached XP level 2. HP: 19/19 MP: 2/2
   566 | D:1      | Found a faded altar of an unknown god.
   881 | D:2      | Reached XP level 3. HP: 22/23 MP: 3/3
   976 | D:2      | Noticed Robin
   998 | D:2      | Killed Robin
   999 | D:2      | Reached XP level 4. HP: 4/29 MP: 4/4
  2077 | D:3      | Reached skill level 4 in Armour
  2590 | D:4      | Reached XP level 5. HP: 33/33 MP: 5/5
  2684 | D:4      | HP: 1/33 [something (4)]
  2686 | D:4      | Slain by an orc wizard

Illustrated notes

Levels and vault maps discovered:
D:1:      ncdulo_watergridlock, layout_loops_cross, basic_ecumenical_altar
D:2:      layout_rooms, uniq_robin
D:3:      layout_loops_ring
D:4:      layout_basic, mainiacjoe_overflow_concentric_impassable,
          kennysheep_generic_room_15

Skill      XL: |  1  2  3  4 |
---------------+-------------+-----
Axes           | 2 3 |  3.8
Armour         | 4 |  4.0
Fighting       | |  3.9
Dodging        | |  0.1
Shields        | |  3.8

Action                   |  1- 3 |  4- 6 || total
-------------------------+-------+-------++-------
Melee: War axe           |    70 |   131 ||   201
  Use: Potion            |     1 |       ||     1
       Scroll            |       |    10 ||    10
Armor: Scale mail        |    40 |       ||    40
       Plate armour      |       |    64 ||    64
Dodge: Dodged            |    43 |    38 ||    81
Block: Buckler           |    49 |    65 ||   114
       Reflection        |     1 |     1 ||     2
